Blues vs Devils

Created - Monday, November 16, 2015 at 01:37

Goals
1 2 3 T
Blues 1 0 2 3
Devils 0 1 0 1
Shots
1 2 3 T
Blues 9 11 17 37
Devils 10 6 4 20

1st period

1. Blues , Brandon Saad 3 (Sean Couturier) at 2:33

Penalties :
Ales Hemsky (NJD) for Roughing (Minor) at 7:14

2nd period

2. Devils , Paul Stastny 13 (Drew Stafford, Tyler Johnson) at 15:38

Penalties :
David Warsofsky (NJD) for Tripping (Minor) at 9:18, Anders Lee (StL) for Hooking (Minor) at 15:51, Radko Gudas (NJD) for Hooking (Minor) at 19:46

3rd period

3. Blues , Kris Letang 3 (Rick Nash) at 16:00 (PP)
4. Blues , Anders Lee 7 (Josh Gorges, Hampus Lindholm) at 16:42

Penalties :
Matt Irwin (NJD) for Hooking (Minor) at 14:08, Sergei Gonchar (NJD) for Cross-checking (Minor) at 18:16

Goalie Stats

Henrik Lundqvist (StL), 19 saves from 20 shots - (0.950), W, 7-0-5, 60:00 minutes
Thomas Greiss (NJD), 34 saves from 37 shots - (0.919), L, 2-1-0, 60:00 minutes

Players Stats for Blues

Player Name              G  A  P  +/- PIM S  H  SB GA TA FO     MP     PP MP  PK MP  
------------------------------------------------------------------------------------
Anders Lee               1  0  1   1  2   3  0  0  4  0  2/8    19:50   4:49   0:00 
Brandon Saad             1  0  1   1  0   2  0  0  3  0  0/0    19:39   5:08   1:03 
Cam Atkinson             0  0  0   1  0   0  1  0  2  2  0/0    20:12   4:43   0:00 
Hampus Lindholm          0  1  1   1  0   3  0  0  0  1  0/0    20:00   4:43   0:52 
Jeremy Morin             0  0  0   0  0   1  0  0  0  0  0/0     9:51   0:00   0:00 
Johan Franzen            0  0  0   1  0   4  2  0  0  0  1/1    15:29   0:23   0:00 
Josh Gorges              0  1  1   1  0   4  3  1  0  2  0/0    19:09   0:00   0:52 
Kevan Miller             0  0  0   0  0   1  0  0  0  0  0/0     4:58   0:00   0:00 
Kris Letang              1  0  1  -1  0   2  0  3  2  1  0/0    21:42   4:49   1:07 
Mark Fayne               0  0  0   1  0   3  1  1  0  1  0/0    13:20   0:00   0:00 
Mark Stone               0  0  0  -1  0   3  1  1  2  0  1/3    21:04   4:01   0:00 
Rick Nash                0  1  1   1  0   2  0  0  1  0  0/0    19:40   5:08   0:56 
Ryan Ellis               0  0  0   1  0   1  0  0  0  2  0/0    13:20   0:00   0:00 
Scott Laughton           0  0  0  -1  0   0  0  1  0  0  4/7    17:13   4:24   1:03 
Sean Couturier           0  1  1   1  0   1  2  0  2  1  9/17   19:40   5:08   0:56 
Steve Ott                0  0  0   0  0   1  1  0  1  0  4/6     9:51   0:00   0:00 
Tomas Tatar              0  0  0  -1  0   3  0  0  5  0  0/1    16:10   4:24   0:00 
Zdeno Chara              0  0  0  -1  0   3  1  1  0  1  0/0    16:52   0:00   1:07 

Players Stats for Devils

Player Name              G  A  P  +/- PIM S  H  SB GA TA FO     MP     PP MP  PK MP  
------------------------------------------------------------------------------------
Ales Hemsky              0  0  0   0  2   6  0  0  6  0  1/2    17:28   0:50   1:33 
Andrew Miller            0  0  0  -1  0   1  1  0  1  1  3/7    15:15   0:00   0:00 
Brad Hunt                0  0  0   0  0   1  0  2  0  1  0/0    19:09   0:50   1:25 
Brendan Shinnimin        0  0  0   0  0   0  0  2  0  1  2/3     9:48   0:00   1:52 
Chris Porter             0  0  0   0  0   0  2  0  0  0  1/1    10:19   0:00   1:57 
Chris Wideman            0  0  0   0  0   0  2  0  0  0  0/0     7:32   1:09   2:39 
David Warsofsky          0  0  0   0  2   1  0  2  0  0  0/0    17:01   0:00   1:52 
Drew Stafford            0  1  1   0  0   1  1  1  0  1  0/0    12:44   0:59   0:00 
Jason Akeson             0  0  0  -1  0   0  0  1  1  0  0/2    15:15   0:00   0:00 
Matt Cullen              0  0  0   0  0   1  0  1  2  0  9/17   20:13   1:00   6:10 
Matt Greene              0  0  0   0  0   1  0  6  0  1  0/0    22:02   0:00   6:15 
Matt Irwin               0  0  0  -1  2   1  2  0  2  0  0/0    19:31   0:00   6:15 
Paul Stastny             1  0  1   0  0   1  0  1  0  0  6/10   12:44   0:59   0:00 
Radko Gudas              0  0  0   0  2   0  3  3  0  2  0/0    16:38   0:00   0:38 
Scottie Upshall          0  0  0   0  0   0  0  0  1  2  0/0    20:13   1:00   6:10 
Sergei Gonchar           0  0  0  -1  2   2  0  0  0  0  0/0    17:49   1:09   0:00 
Tyler Johnson            0  1  1   0  0   3  1  1  3  1  0/0    19:54   0:59   1:22 
Zach Boychuk             0  0  0  -1  0   1  1  1  3  1  0/1    16:48   1:00   0:00 

3 Stars

1 - Henrik Lundqvist (StL)
2 - Brandon Saad (StL)
3 - Josh Gorges (StL)

Power Play

Blues - 1 on 5 Attempt(s) - 20.00%
Devils - 0 on 1 Attempt(s) - 0.00%

Penalty Kill

Blues - 1 on 1 Attempt(s) - 100.00% - Score 0 goal in Penalty Kill
Devils - 4 on 5 Attempt(s) - 80.00% - Score 0 goal in Penalty Kill

Team Stat

Blues - Hits : 12 - Faceoff Wins : 21 - Blocked Shots : 8 - Penalty Minutes : 2
Devils - Hits : 13 - Faceoff Wins : 22 - Blocked Shots : 21 - Penalty Minutes : 10

Official

Referees : Unknown
Linesman : Unknown

Game Notes

No Game Note

Finance

Level 1 -- Attendance: 5749 (95.82%) -- Ticket Income $431,175
Level 2 -- Attendance: 3433 (68.66%) -- Ticket Income $205,980
Level 3 -- Attendance: 1543 (77.15%) -- Ticket Income $54,005
Level 4 -- Attendance: 2402 (60.05%) -- Ticket Income $60,050
Luxury Box -- Attendance: 1000 (100.00%) -- Ticket Income $160,000
Game was played at the Continental Airlines Arena.
Total Attendance: 14127 (78.48%)
Total Ticket Income: $911,210
Other Income: $446,493
Total Income: $1,357,703

Blues

5 vs 5 Forward 
   Center                   Left Wing                Right Wing               Time % Phy DF OF 
 1 Sean Couturier           Rick Nash                Brandon Saad             33     1   2  2  
 2 Scott Laughton           Tomas Tatar              Mark Stone               31     1   2  2  
 3 Anders Lee               Johan Franzen            Cam Atkinson             24     1   2  2  
 4 Steve Ott                Jeremy Morin             Mark Stone               12     1   2  2  

5 vs 5 Defense 
   Defense                  Defense                                           Time % Phy DF OF 
 1 Zdeno Chara              Kris Letang                                       33     1   2  2  
 2 Josh Gorges              Hampus Lindholm                                   31     1   2  2  
 3 Mark Fayne               Ryan Ellis                                        24     1   2  2  
 4 Kevan Miller             Josh Gorges                                       12     1   2  2  

PowerPlay Forward 
   Center                   Left Wing                Right Wing               Time % Phy DF OF 
 1 Sean Couturier           Rick Nash                Brandon Saad             50     1   2  2  
 2 Scott Laughton           Tomas Tatar              Mark Stone               50     1   2  2  

PowerPlay Defense
   Defense                  Defense                                           Time % Phy DF OF 
 1 Anders Lee               Kris Letang                                       50     1   2  2  
 2 Cam Atkinson             Hampus Lindholm                                   50     1   2  2  

Penalty Kill 4 Players Forward 
   Center                   Wing                     Time % Phy DF OF 
 1 Sean Couturier           Rick Nash                50     2   2  1  
 2 Scott Laughton           Brandon Saad             50     2   2  1  

Penalty Kill 4 Players Defense
   Defense                  Defense                  Time % Phy DF OF 
 1 Zdeno Chara              Kris Letang              50     2   2  1  
 2 Josh Gorges              Hampus Lindholm          50     2   2  1  

Penalty Kill - 3 Players Forward 
   Forward                                           Time % Phy DF OF 
 1 Mark Stone                                        50     2   2  1  
 2 Sean Couturier                                    50     2   2  1  

Penalty Kill - 3 Players Defense
   Defense                  Defense                  Time % Phy DF OF 
 1 Zdeno Chara              Kris Letang              50     2   2  1  
 2 Josh Gorges              Hampus Lindholm          50     2   2  1  

4 vs 4 Forward 
   Center                   Wing                     Time % Phy DF OF 
 1 Sean Couturier           Mark Stone               50     1   2  2  
 2 Scott Laughton           Brandon Saad             50     1   2  2  

4 vs 4 Defense
   Defense                  Defense                  Time % Phy DF OF 
 1 Mark Fayne               Kris Letang              50     1   2  2  
 2 Josh Gorges              Hampus Lindholm          50     1   2  2  

Last Minutes Offensive
   Center                   Left Wing                Right Wing               Defense                  Defense                  
   Sean Couturier           Rick Nash                Brandon Saad             Zdeno Chara              Kris Letang              

Last Minutes Defensive
   Center                   Left Wing                Right Wing               Defense                  Defense                  
   Sean Couturier           Rick Nash                Brandon Saad             Zdeno Chara              Kris Letang              

Goaltenders
Starting : Henrik Lundqvist         
Backup : Frederik Andersen        

Extra Forwards
Normal : Anders Lee, Cam Atkinson, Johan Franzen - PP : Anders Lee, Cam Atkinson - PK : Johan Franzen
Extra Defensemen
Normal : Mark Fayne, Ryan Ellis, Kevan Miller - PP : Mark Fayne - PK : Ryan Ellis, Kevan Miller
Penalty Shots
Rick Nash, Jeremy Morin, Cam Atkinson, Brandon Saad, Tomas Tatar

Devils

5 vs 5 Forward 
   Center                   Left Wing                Right Wing               Time % Phy DF OF 
 1 Paul Stastny             Tyler Johnson            Drew Stafford            38     0   0  5  
 2 Matt Cullen              Scottie Upshall          Ales Hemsky              30     1   2  2  
 3 Andrew Miller            Zach Boychuk             Jason Akeson             22     1   2  2  
 4 Brendan Shinnimin        Chris Porter             Tyler Johnson            10     1   2  2  

5 vs 5 Defense 
   Defense                  Defense                                           Time % Phy DF OF 
 1 Matt Greene              Brad Hunt                                         35     1   2  2  
 2 Radko Gudas              David Warsofsky                                   34     1   2  2  
 3 Matt Irwin               Sergei Gonchar                                    30     1   2  2  
 4 Chris Wideman            Sergei Gonchar                                    1      1   2  2  

PowerPlay Forward 
   Center                   Left Wing                Right Wing               Time % Phy DF OF 
 1 Paul Stastny             Tyler Johnson            Drew Stafford            60     0   0  5  
 2 Matt Cullen              Zach Boychuk             Scottie Upshall          40     0   0  5  

PowerPlay Defense
   Defense                  Defense                                           Time % Phy DF OF 
 1 Ales Hemsky              Brad Hunt                                         60     0   0  5  
 2 Chris Wideman            Sergei Gonchar                                    40     0   0  5  

Penalty Kill 4 Players Forward 
   Center                   Wing                     Time % Phy DF OF 
 1 Matt Cullen              Scottie Upshall          60     0   5  0  
 2 Brendan Shinnimin        Ales Hemsky              40     0   5  0  

Penalty Kill 4 Players Defense
   Defense                  Defense                  Time % Phy DF OF 
 1 Matt Greene              Matt Irwin               60     0   5  0  
 2 Radko Gudas              Brad Hunt                40     0   5  0  

Penalty Kill - 3 Players Forward 
   Forward                                           Time % Phy DF OF 
 1 Matt Cullen                                       60     0   5  0  
 2 Brendan Shinnimin                                 40     0   5  0  

Penalty Kill - 3 Players Defense
   Defense                  Defense                  Time % Phy DF OF 
 1 Matt Greene              Matt Irwin               60     0   5  0  
 2 Radko Gudas              Brad Hunt                40     0   5  0  

4 vs 4 Forward 
   Center                   Wing                     Time % Phy DF OF 
 1 Paul Stastny             Tyler Johnson            60     0   0  5  
 2 Brendan Shinnimin        Matt Cullen              40     1   3  1  

4 vs 4 Defense
   Defense                  Defense                  Time % Phy DF OF 
 1 Matt Greene              Brad Hunt                60     0   0  5  
 2 Radko Gudas              Sergei Gonchar           40     1   3  1  

Last Minutes Offensive
   Center                   Left Wing                Right Wing               Defense                  Defense                  
   Paul Stastny             Tyler Johnson            Drew Stafford            Brad Hunt                Chris Wideman            

Last Minutes Defensive
   Center                   Left Wing                Right Wing               Defense                  Defense                  
   Paul Stastny             Matt Cullen              Scottie Upshall          Matt Greene              Radko Gudas              

Goaltenders
Starting : Thomas Greiss            
Backup : Devan Dubnyk             

Extra Forwards
Normal : Tyler Johnson, Scottie Upshall, Zach Boychuk - PP : Zach Boychuk, Jason Akeson - PK : Ales Hemsky
Extra Defensemen
Normal : Chris Wideman, Matt Greene, Radko Gudas - PP : Radko Gudas - PK : Chris Wideman, David Warsofsky
Penalty Shots
Matt Cullen, Drew Stafford, Ales Hemsky, Tyler Johnson, Andrew Miller

% Time on Ice - Blues

Lines # - Real PCT - Wanted PCT - Time Play
Normal Forward
1 - 28% - 33% - 13:36
2 - 24% - 31% - 11:46
3 - 27% - 24% - 13:16
4 - 20% - 12% - 9:51
Normal Defense
1 - 33% - 33% - 15:46
2 - 30% - 31% - 14:25
3 - 28% - 24% - 13:20
4 - 10% - 12% - 4:58
PP Forward
1 - 54% - 50% - 5:08
2 - 46% - 50% - 4:24
PP Defense
1 - 51% - 50% - 4:49
2 - 49% - 50% - 4:43
PK Forward
1 - 47% - 50% - 0:56
2 - 53% - 50% - 1:03
PK Defense
1 - 56% - 50% - 1:07
2 - 44% - 50% - 0:52
PK3 Forward
1 - 0% - 50%
2 - 0% - 50%
PK3 Defense
1 - 0% - 50%
2 - 0% - 50%
44 Forward
1 - 0% - 50%
2 - 0% - 50%
44 Defense
1 - 0% - 50%
2 - 0% - 50%
Last Minute Offensive  - 0:00
Last Minute Defensive  - 0:00
Total
Forward - 60:00
Defense - 60:00

% Time on Ice - Devils

Lines # - Real PCT - Wanted PCT - Time Play
Normal Forward
1 - 25% - 38% - 12:15
2 - 28% - 30% - 13:34
3 - 31% - 22% - 15:15
4 - 15% - 10% - 7:25
Normal Defense
1 - 33% - 35% - 15:47
2 - 33% - 34% - 16:09
3 - 27% - 30% - 13:03
4 - 7% - 1% - 3:30
PP Forward
1 - 50% - 60% - 0:59
2 - 50% - 40% - 1:00
PP Defense
1 - 42% - 60% - 0:50
2 - 58% - 40% - 1:09
PK Forward
1 - 80% - 60% - 7:40
2 - 20% - 40% - 1:52
PK Defense
1 - 85% - 60% - 8:07
2 - 15% - 40% - 1:25
PK3 Forward
1 - 0% - 60%
2 - 0% - 40%
PK3 Defense
1 - 0% - 60%
2 - 0% - 40%
44 Forward
1 - 0% - 60%
2 - 0% - 40%
44 Defense
1 - 0% - 60%
2 - 0% - 40%
Last Minute Offensive  - 0:00
Last Minute Defensive  - 0:00
Total
Forward - 60:00
Defense - 60:00

Play by Play

1st period


0:01 of 1st period - Paul Stastny wins face-off versus Sean Couturier in neutral zone.
0:08 of 1st period - Slapshot by Tyler Johnson.
0:08 of 1st period - Stopped by Henrik Lundqvist without a rebound.
0:09 of 1st period - Paul Stastny wins face-off versus Sean Couturier in Blues zone.
0:40 of 1st period - Slapshot by Tyler Johnson.
0:40 of 1st period - Shot Hit the Post.
0:42 of 1st period - Snap shot by Tyler Johnson.
0:42 of 1st period - Shot Misses the Net.
0:44 of 1st period - Slapshot by Matt Greene.
0:44 of 1st period - Deflect By Tyler Johnson.
0:44 of 1st period - Shot Blocked by Zdeno Chara.
0:44 of 1st period - Puck is out of play.
0:45 of 1st period - Matt Cullen wins face-off versus Mark Stone in Blues zone.
0:48 of 1st period - Slapshot by Ales Hemsky.
0:48 of 1st period - Shot Blocked by Josh Gorges.
0:50 of 1st period - Snap shot by Matt Cullen.
0:50 of 1st period - Stopped by Henrik Lundqvist with a rebound.
0:54 of 1st period - Wrist shot by Ales Hemsky.
0:54 of 1st period - Shot Blocked by Scott Laughton.
0:56 of 1st period - Wrist shot by Ales Hemsky.
0:56 of 1st period - Stopped by Henrik Lundqvist without a rebound.
0:57 of 1st period - Matt Cullen wins face-off versus Tomas Tatar in Blues zone.
1:24 of 1st period - Wrist shot by Ales Hemsky.
1:24 of 1st period - Shot Blocked by Mark Stone.
1:30 of 1st period - Snap shot by Ales Hemsky.
1:30 of 1st period - Stopped by Henrik Lundqvist with a rebound.
2:11 of 1st period - Snap shot by Anders Lee.
2:11 of 1st period - Stopped by Thomas Greiss with a rebound.
2:33 of 1st period - Wrist shot by Brandon Saad.
2:33 of 1st period - Goal by Brandon Saad - Blues : 1 - Devils : 0.
2:34 of 1st period - Brendan Shinnimin wins face-off versus Steve Ott in neutral zone.
2:47 of 1st period - Slapshot by Tyler Johnson.
2:47 of 1st period - Stopped by Henrik Lundqvist with a rebound.
3:25 of 1st period - Slapshot by Ales Hemsky.
3:25 of 1st period - Stopped by Henrik Lundqvist with a rebound.
3:27 of 1st period - Slapshot by Sergei Gonchar.
3:27 of 1st period - Deflect By Zdeno Chara.
3:27 of 1st period - Stopped by Henrik Lundqvist without a rebound.
3:28 of 1st period - Matt Cullen wins face-off versus Sean Couturier in Blues zone.
4:23 of 1st period - Drew Stafford is hit by Josh Gorges and loses puck.
4:51 of 1st period - Paul Stastny is hit by Johan Franzen and loses puck.
5:08 of 1st period - Zach Boychuk is hit by Mark Stone and loses puck.
5:19 of 1st period - Wrist shot by Mark Stone.
5:19 of 1st period - Shot Blocked by Radko Gudas.
5:21 of 1st period - Snap shot by Mark Fayne.
5:21 of 1st period - Stopped by Thomas Greiss with a rebound.
5:23 of 1st period - Slapshot by Mark Fayne.
5:23 of 1st period - Shot Misses the Net.
7:14 of 1st period - Minor Penalty to Ales Hemsky for Roughing.
7:15 of 1st period - Mark Stone wins face-off versus Matt Cullen in Devils zone.
7:55 of 1st period - Kris Letang is hit by Chris Porter and loses puck.
8:17 of 1st period - Slapshot by Brandon Saad.
8:17 of 1st period - Stopped by Thomas Greiss with a rebound.
8:19 of 1st period - Slapshot by Kris Letang.
8:19 of 1st period - Shot Misses the Net.
9:14 of 1st period - Penalty to Ales Hemsky is over, Ales Hemsky is back on ice.
9:26 of 1st period - Cam Atkinson is hit by Matt Irwin and loses puck.
10:28 of 1st period - Mark Stone is hit by Chris Wideman and loses puck.
10:45 of 1st period - Snap shot by Tyler Johnson.
10:45 of 1st period - Deflect By Paul Stastny.
10:45 of 1st period - Shot Misses the Net.
10:45 of 1st period - Puck is out of play.
10:46 of 1st period - Paul Stastny wins face-off versus Sean Couturier in Blues zone.
10:53 of 1st period - Snap shot by Drew Stafford.
10:53 of 1st period - Stopped by Henrik Lundqvist without a rebound.
10:54 of 1st period - Paul Stastny wins face-off versus Sean Couturier in Blues zone.
11:17 of 1st period - Cam Atkinson is hit by Radko Gudas and loses puck.
12:21 of 1st period - Snap shot by Hampus Lindholm.
12:21 of 1st period - Stopped by Thomas Greiss with a rebound.
12:23 of 1st period - Snap shot by Josh Gorges.
12:23 of 1st period - Stopped by Thomas Greiss with a rebound.
12:25 of 1st period - Wrist shot by Steve Ott.
12:25 of 1st period - Stopped by Thomas Greiss without a rebound.
12:26 of 1st period - Steve Ott wins face-off versus Jason Akeson in Devils zone.
13:22 of 1st period - Icing by Rick Nash.
13:23 of 1st period - Sean Couturier wins face-off versus Paul Stastny in Blues zone.
14:01 of 1st period - Snap shot by Sergei Gonchar.
14:01 of 1st period - Stopped by Henrik Lundqvist with a rebound.
14:11 of 1st period - Snap shot by Scottie Upshall.
14:11 of 1st period - Shot Misses the Net.
14:13 of 1st period - Slapshot by Sergei Gonchar.
14:13 of 1st period - Shot Blocked by Kris Letang.
14:15 of 1st period - Snap shot by Ales Hemsky.
14:15 of 1st period - Stopped by Henrik Lundqvist with a rebound.
18:26 of 1st period - Slapshot by Zdeno Chara.
18:26 of 1st period - Deflect By Radko Gudas.
18:26 of 1st period - Stopped by Thomas Greiss with a rebound.
18:28 of 1st period - Snap shot by Steve Ott.
18:28 of 1st period - Deflect By Jeremy Morin.
18:28 of 1st period - Deflect By Andrew Miller.
18:28 of 1st period - Shot Misses the Net.
18:28 of 1st period - Puck is out of play.
18:29 of 1st period - Steve Ott wins face-off versus Andrew Miller in Devils zone.
19:12 of 1st period - Tyler Johnson is hit by Josh Gorges and loses puck.
19:38 of 1st period - Wrist shot by Johan Franzen.
19:38 of 1st period - Shot Misses the Net.
19:40 of 1st period - Slapshot by Mark Fayne.
19:40 of 1st period - Stopped by Thomas Greiss without a rebound.
19:41 of 1st period - Matt Cullen wins face-off versus Anders Lee in Devils zone.
Goals for this period are 1 for Blues vs 0 for Devils.
Shots for this period are 9 for Blues vs 10 for Devils.

2nd period


0:01 of 2nd period - Scott Laughton wins face-off versus Paul Stastny in neutral zone.
0:35 of 2nd period - Snap shot by Tomas Tatar.
0:35 of 2nd period - Shot Misses the Net.
1:09 of 2nd period - Slapshot by Kris Letang.
1:09 of 2nd period - Shot Misses the Net.
1:11 of 2nd period - Slapshot by Zdeno Chara.
1:11 of 2nd period - Deflect By Sean Couturier.
1:11 of 2nd period - Shot Blocked by Brad Hunt.
1:11 of 2nd period - Puck is out of play.
1:12 of 2nd period - Andrew Miller wins face-off versus Anders Lee in Devils zone.
1:43 of 2nd period - Slapshot by Matt Irwin.
1:43 of 2nd period - Shot Misses the Net.
2:49 of 2nd period - Wrist shot by Brandon Saad.
2:49 of 2nd period - Shot Misses the Net.
3:09 of 2nd period - Zdeno Chara is hit by Radko Gudas and loses puck.
3:37 of 2nd period - Snap shot by Tomas Tatar.
3:37 of 2nd period - Stopped by Thomas Greiss without a rebound.
3:38 of 2nd period - Brendan Shinnimin wins face-off versus Anders Lee in Devils zone.
3:38 of 2nd period - Brendan Shinnimin is hit by Johan Franzen.
4:00 of 2nd period - Slapshot by Anders Lee.
4:00 of 2nd period - Stopped by Thomas Greiss with a rebound.
4:19 of 2nd period - Icing by Cam Atkinson.
4:20 of 2nd period - Andrew Miller wins face-off versus Anders Lee in Blues zone.
4:23 of 2nd period - Slapshot by Matt Irwin.
4:23 of 2nd period - Stopped by Henrik Lundqvist without a rebound.
4:24 of 2nd period - Sean Couturier wins face-off versus Zach Boychuk in Blues zone.
5:29 of 2nd period - Snap shot by Tomas Tatar.
5:29 of 2nd period - Stopped by Thomas Greiss with a rebound.
5:35 of 2nd period - Snap shot by Tomas Tatar.
5:35 of 2nd period - Shot Misses the Net.
5:54 of 2nd period - Backhand shot by Scott Laughton.
5:54 of 2nd period - Shot Hit the Post.
6:21 of 2nd period - Snap shot by Johan Franzen.
6:21 of 2nd period - Stopped by Thomas Greiss with a rebound.
6:31 of 2nd period - Cam Atkinson is hit by Radko Gudas.
6:49 of 2nd period - Snap shot by Andrew Miller.
6:49 of 2nd period - Stopped by Henrik Lundqvist without a rebound.
6:50 of 2nd period - Andrew Miller wins face-off versus Steve Ott in Blues zone.
7:40 of 2nd period - Wrist shot by Rick Nash.
7:40 of 2nd period - Stopped by Thomas Greiss with a rebound.
7:42 of 2nd period - Snap shot by Brandon Saad.
7:42 of 2nd period - Deflect By Sean Couturier.
7:42 of 2nd period - Shot Misses the Net.
7:42 of 2nd period - Puck is out of play.
7:43 of 2nd period - Chris Porter wins face-off versus Anders Lee in Devils zone.
7:56 of 2nd period - Wrist shot by Johan Franzen.
7:56 of 2nd period - Stopped by Thomas Greiss without a rebound.
7:57 of 2nd period - Johan Franzen wins face-off versus Brendan Shinnimin in Devils zone.
8:10 of 2nd period - Snap shot by Johan Franzen.
8:10 of 2nd period - Shot Blocked by Matt Greene.
8:12 of 2nd period - Slapshot by Kris Letang.
8:12 of 2nd period - Shot Blocked by Matt Greene.
8:14 of 2nd period - Slapshot by Zdeno Chara.
8:14 of 2nd period - Stopped by Thomas Greiss with a rebound.
8:16 of 2nd period - Wrist shot by Kris Letang.
8:16 of 2nd period - Shot Blocked by Brad Hunt.
8:46 of 2nd period - Snap shot by Zach Boychuk.
8:46 of 2nd period - Shot Blocked by Kris Letang.
8:48 of 2nd period - Snap shot by Zach Boychuk.
8:48 of 2nd period - Stopped by Henrik Lundqvist with a rebound.
8:50 of 2nd period - Slapshot by David Warsofsky.
8:50 of 2nd period - Stopped by Henrik Lundqvist with a rebound.
8:52 of 2nd period - Slapshot by Radko Gudas.
8:52 of 2nd period - Shot Misses the Net.
8:54 of 2nd period - Slapshot by Radko Gudas.
8:54 of 2nd period - Shot Blocked by Kris Letang.
9:03 of 2nd period - Snap shot by Zach Boychuk.
9:03 of 2nd period - Deflect By Andrew Miller.
9:03 of 2nd period - Shot Misses the Net.
9:03 of 2nd period - Puck is out of play.
9:04 of 2nd period - Matt Cullen wins face-off versus Scott Laughton in Blues zone.
9:18 of 2nd period - Minor Penalty to David Warsofsky for Tripping.
9:19 of 2nd period - Matt Cullen wins face-off versus Scott Laughton in Devils zone.
9:19 of 2nd period - Matt Cullen is hit by Cam Atkinson.
10:09 of 2nd period - Slapshot by Brandon Saad.
10:09 of 2nd period - Shot Blocked by Matt Greene.
10:29 of 2nd period - Matt Greene is hit by Sean Couturier and loses puck.
10:34 of 2nd period - Slapshot by Kris Letang.
10:34 of 2nd period - Stopped by Thomas Greiss with a rebound.
11:13 of 2nd period - Icing by Hampus Lindholm.
11:14 of 2nd period - Ales Hemsky wins face-off versus Sean Couturier in Blues zone.
11:18 of 2nd period - Penalty to David Warsofsky is over, David Warsofsky is back on ice.
11:42 of 2nd period - Slapshot by Brad Hunt.
11:42 of 2nd period - Stopped by Henrik Lundqvist with a rebound.
13:02 of 2nd period - Slapshot by Zdeno Chara.
13:02 of 2nd period - Shot Blocked by Jason Akeson.
13:04 of 2nd period - Wrist shot by Mark Stone.
13:04 of 2nd period - Shot Misses the Net.
13:06 of 2nd period - Slapshot by Zdeno Chara.
13:06 of 2nd period - Shot Misses the Net.
13:26 of 2nd period - Wrist shot by Cam Atkinson.
13:26 of 2nd period - Shot Misses the Net.
13:28 of 2nd period - Snap shot by Johan Franzen.
13:28 of 2nd period - Stopped by Thomas Greiss with a rebound.
13:44 of 2nd period - Snap shot by Mark Stone.
13:44 of 2nd period - Stopped by Thomas Greiss with a rebound.
15:34 of 2nd period - Wrist shot by Paul Stastny.
15:34 of 2nd period - Shot Misses the Net.
15:36 of 2nd period - Wrist shot by Drew Stafford.
15:36 of 2nd period - Shot Hit the Post.
15:38 of 2nd period - Slapshot by Paul Stastny.
15:38 of 2nd period - Goal by Paul Stastny - Blues : 1 - Devils : 1.
15:39 of 2nd period - Paul Stastny wins face-off versus Anders Lee in neutral zone.
15:51 of 2nd period - Minor Penalty to Anders Lee for Hooking.
15:52 of 2nd period - Matt Cullen wins face-off versus Sean Couturier in Blues zone.
15:52 of 2nd period - Snap shot by Scottie Upshall.
15:52 of 2nd period - Deflect By Matt Cullen.
15:52 of 2nd period - Shot Misses the Net.
15:52 of 2nd period - Puck is out of play.
15:53 of 2nd period - Sean Couturier wins face-off versus Matt Cullen in Blues zone.
16:54 of 2nd period - Sergei Gonchar is hit by Zdeno Chara and loses puck.
17:51 of 2nd period - Penalty to Anders Lee is over, Anders Lee is back on ice.
18:05 of 2nd period - Hampus Lindholm is hit by Andrew Miller and loses puck.
18:29 of 2nd period - Zach Boychuk is hit by Steve Ott and loses puck.
19:46 of 2nd period - Minor Penalty to Radko Gudas for Hooking.
19:47 of 2nd period - Sean Couturier wins face-off versus Matt Cullen in Devils zone.
19:48 of 2nd period - Slapshot by Kris Letang.
19:48 of 2nd period - Shot Blocked by Matt Greene.
19:50 of 2nd period - Wrist shot by Sean Couturier.
19:50 of 2nd period - Stopped by Thomas Greiss with a rebound.
19:54 of 2nd period - Wrist shot by Kris Letang.
19:54 of 2nd period - Shot Blocked by Matt Greene.
19:56 of 2nd period - Snap shot by Sean Couturier.
19:56 of 2nd period - Deflect By Brandon Saad.
19:56 of 2nd period - Shot Misses the Net.
19:56 of 2nd period - Puck is out of play.
19:57 of 2nd period - Sean Couturier wins face-off versus Matt Cullen in Devils zone.
Goals for this period are 0 for Blues vs 1 for Devils.
Shots for this period are 11 for Blues vs 6 for Devils.

3rd period


0:01 of 3rd period - Matt Cullen wins face-off versus Scott Laughton in neutral zone.
0:34 of 3rd period - Wrist shot by Tomas Tatar.
0:34 of 3rd period - Shot Blocked by Matt Greene.
0:36 of 3rd period - Snap shot by Scott Laughton.
0:36 of 3rd period - Shot Misses the Net.
0:57 of 3rd period - Kris Letang is hit by Matt Irwin and loses puck.
1:16 of 3rd period - Matt Cullen is hit by Sean Couturier.
1:46 of 3rd period - Penalty to Radko Gudas is over, Radko Gudas is back on ice.
2:28 of 3rd period - Snap shot by Mark Stone.
2:28 of 3rd period - Shot Blocked by David Warsofsky.
2:30 of 3rd period - Slapshot by Mark Fayne.
2:30 of 3rd period - Deflect By Mark Stone.
2:30 of 3rd period - Stopped by Thomas Greiss without a rebound.
2:31 of 3rd period - Steve Ott wins face-off versus Jason Akeson in Devils zone.
2:59 of 3rd period - Snap shot by Zach Boychuk.
2:59 of 3rd period - Shot Misses the Net.
3:01 of 3rd period - Slapshot by Matt Irwin.
3:01 of 3rd period - Shot Blocked by Mark Fayne.
3:19 of 3rd period - Snap shot by Paul Stastny.
3:19 of 3rd period - Shot Misses the Net.
3:21 of 3rd period - Slapshot by Matt Greene.
3:21 of 3rd period - Stopped by Henrik Lundqvist without a rebound.
3:22 of 3rd period - Paul Stastny wins face-off versus Sean Couturier in Blues zone.
3:51 of 3rd period - Snap shot by Tyler Johnson.
3:51 of 3rd period - Stopped by Henrik Lundqvist with a rebound.
4:07 of 3rd period - Kris Letang is hit by Chris Porter and loses puck.
4:21 of 3rd period - Snap shot by Jeremy Morin.
4:21 of 3rd period - Stopped by Thomas Greiss without a rebound.
4:22 of 3rd period - Anders Lee wins face-off versus Andrew Miller in Devils zone.
4:29 of 3rd period - Snap shot by Cam Atkinson.
4:29 of 3rd period - Shot Blocked by David Warsofsky.
4:39 of 3rd period - Wrist shot by Jason Akeson.
4:39 of 3rd period - Shot Misses the Net.
4:57 of 3rd period - Wrist shot by Tomas Tatar.
4:57 of 3rd period - Shot Misses the Net.
4:59 of 3rd period - Snap shot by Scott Laughton.
4:59 of 3rd period - Shot Misses the Net.
5:01 of 3rd period - Slapshot by Hampus Lindholm.
5:01 of 3rd period - Stopped by Thomas Greiss with a rebound.
5:03 of 3rd period - Snap shot by Hampus Lindholm.
5:03 of 3rd period - Shot Blocked by Zach Boychuk.
5:05 of 3rd period - Snap shot by Tomas Tatar.
5:05 of 3rd period - Shot Misses the Net.
5:07 of 3rd period - Slapshot by Josh Gorges.
5:07 of 3rd period - Shot Blocked by Radko Gudas.
5:09 of 3rd period - Slapshot by Josh Gorges.
5:09 of 3rd period - Stopped by Thomas Greiss without a rebound.
5:10 of 3rd period - Sean Couturier wins face-off versus Matt Cullen in Devils zone.
5:27 of 3rd period - Slapshot by Rick Nash.
5:27 of 3rd period - Stopped by Thomas Greiss with a rebound.
5:29 of 3rd period - Wrist shot by Brandon Saad.
5:29 of 3rd period - Shot Misses the Net.
5:31 of 3rd period - Slapshot by Mark Fayne.
5:31 of 3rd period - Deflect By Sergei Gonchar.
5:31 of 3rd period - Stopped by Thomas Greiss with a rebound.
5:33 of 3rd period - Wrist shot by Rick Nash.
5:33 of 3rd period - Shot Misses the Net.
5:44 of 3rd period - Off-side.
5:45 of 3rd period - Scott Laughton wins face-off versus Paul Stastny in neutral zone.
6:40 of 3rd period - Zdeno Chara is hit by Zach Boychuk and loses puck.
6:55 of 3rd period - Snap shot by Ales Hemsky.
6:55 of 3rd period - Stopped by Henrik Lundqvist with a rebound.
6:57 of 3rd period - Slapshot by Sergei Gonchar.
6:57 of 3rd period - Shot Misses the Net.
7:33 of 3rd period - Hampus Lindholm is hit by Tyler Johnson.
7:57 of 3rd period - Wrist shot by Brandon Saad.
7:57 of 3rd period - Shot Blocked by Brendan Shinnimin.
8:22 of 3rd period - Sergei Gonchar is hit by Josh Gorges and loses puck.
8:43 of 3rd period - Wrist shot by Cam Atkinson.
8:43 of 3rd period - Shot Misses the Net.
8:45 of 3rd period - Snap shot by Ryan Ellis.
8:45 of 3rd period - Stopped by Thomas Greiss without a rebound.
8:46 of 3rd period - Scott Laughton wins face-off versus Andrew Miller in Devils zone.
9:41 of 3rd period - Scottie Upshall is hit by Mark Fayne and loses puck.
10:03 of 3rd period - Snap shot by Cam Atkinson.
10:03 of 3rd period - Shot Misses the Net.
10:05 of 3rd period - Snap shot by Josh Gorges.
10:05 of 3rd period - Shot Misses the Net.
10:07 of 3rd period - Slapshot by Hampus Lindholm.
10:07 of 3rd period - Shot Blocked by Matt Cullen.
10:09 of 3rd period - Wrist shot by Hampus Lindholm.
10:09 of 3rd period - Stopped by Thomas Greiss with a rebound.
10:11 of 3rd period - Backhand shot by Josh Gorges.
10:11 of 3rd period - Stopped by Thomas Greiss with a rebound.
10:36 of 3rd period - Brandon Saad is hit by Drew Stafford and loses puck.
11:23 of 3rd period - Mark Stone is hit by Chris Wideman and loses puck.
11:38 of 3rd period - Snap shot by Johan Franzen.
11:38 of 3rd period - Stopped by Thomas Greiss with a rebound.
11:40 of 3rd period - Snap shot by Kris Letang.
11:40 of 3rd period - Shot Blocked by Radko Gudas.
11:42 of 3rd period - Slapshot by Kris Letang.
11:42 of 3rd period - Shot Misses the Net.
11:44 of 3rd period - Slapshot by Cam Atkinson.
11:44 of 3rd period - Shot Blocked by Paul Stastny.
11:46 of 3rd period - Wrist shot by Anders Lee.
11:46 of 3rd period - Shot Misses the Net.
11:48 of 3rd period - Slapshot by Kris Letang.
11:48 of 3rd period - Shot Blocked by Tyler Johnson.
13:03 of 3rd period - Snap shot by Tomas Tatar.
13:03 of 3rd period - Shot Misses the Net.
13:36 of 3rd period - Snap shot by Brandon Saad.
13:36 of 3rd period - Shot Misses the Net.
13:38 of 3rd period - Wrist shot by Kevan Miller.
13:38 of 3rd period - Deflect By Brad Hunt.
13:38 of 3rd period - Stopped by Thomas Greiss with a rebound.
14:08 of 3rd period - Minor Penalty to Matt Irwin for Hooking.
14:09 of 3rd period - Matt Cullen wins face-off versus Mark Stone in Devils zone.
15:48 of 3rd period - Snap shot by Tomas Tatar.
15:48 of 3rd period - Shot Misses the Net.
16:00 of 3rd period - Slapshot by Kris Letang.
16:00 of 3rd period - Goal by Kris Letang - Blues : 2 - Devils : 1.
16:01 of 3rd period - Steve Ott wins face-off versus Paul Stastny in neutral zone.
16:36 of 3rd period - Wrist shot by Anders Lee.
16:36 of 3rd period - Shot Misses the Net.
16:38 of 3rd period - Slapshot by Hampus Lindholm.
16:38 of 3rd period - Shot Blocked by Drew Stafford.
16:40 of 3rd period - Slapshot by Josh Gorges.
16:40 of 3rd period - Stopped by Thomas Greiss with a rebound.
16:42 of 3rd period - Wrist shot by Anders Lee.
16:42 of 3rd period - Goal by Anders Lee - Blues : 3 - Devils : 1.
16:43 of 3rd period - Sean Couturier wins face-off versus Andrew Miller in neutral zone.
17:16 of 3rd period - Snap shot by Tomas Tatar.
17:16 of 3rd period - Stopped by Thomas Greiss with a rebound.
17:18 of 3rd period - Slapshot by Zdeno Chara.
17:18 of 3rd period - Stopped by Thomas Greiss without a rebound.
17:19 of 3rd period - Scott Laughton wins face-off versus Ales Hemsky in Devils zone.
17:34 of 3rd period - Snap shot by Ales Hemsky.
17:34 of 3rd period - Stopped by Henrik Lundqvist without a rebound.
17:35 of 3rd period - Anders Lee wins face-off versus Matt Cullen in Blues zone.
18:16 of 3rd period - Minor Penalty to Sergei Gonchar for Cross-checking.
18:17 of 3rd period - Sean Couturier wins face-off versus Matt Cullen in Devils zone.
18:43 of 3rd period - Icing by Brandon Saad.
18:44 of 3rd period - Sean Couturier wins face-off versus Matt Cullen in Blues zone.
19:19 of 3rd period - Snap shot by Mark Stone.
19:19 of 3rd period - Stopped by Thomas Greiss with a rebound.
19:21 of 3rd period - Slapshot by Cam Atkinson.
19:21 of 3rd period - Shot Blocked by Brendan Shinnimin.
Goals for this period are 2 for Blues vs 0 for Devils.
Shots for this period are 17 for Blues vs 4 for Devils.